 Dungeon Crawl Stone Soup version 0.20.0-14-g326068f (webtiles) character file.

3122 JeffiDaFish the Basher (level 9, -13/56 HPs)
             Began as a Gargoyle Fighter on June 8, 2017.
             Was a Follower of Okawaru.
             Mangled by a two-headed ogre
             ... wielding a +0 giant club
              (19 damage)
             ... on level 8 of the Dungeon.
             The game lasted 00:13:26 (7219 turns).

JeffiDaFish the Basher (Gargoyle Fighter)           Turns: 7219, Time: 00:13:27

Health: -13/56     AC: 18    Str: 20    XL:     9   Next: 91%
Magic:  9/9        EV:  7    Int:  9    God:    Okawaru [*.....]
Gold:   225        SH: 11    Dex: 12    Spells: 8/8 levels left

rFire    . . .     SeeInvis .   a - +1 flail
rCold    . . .     Gourm    .   c - +0 shield
rNeg     + . .     Faith    .   i - +0 chain mail
rPois    ∞         Spirit   .   l - +0 helmet
rElec    +         Reflect  .   k - +0 cloak
rCorr    .         Harm     .   (no gloves)
MR       .....                  (no boots)
Stlth    ..........             (no amulet)
Regen    0.2/turn               (no ring)
MPRegen  0.2/turn               (no ring)

@: no status effects
A: negative energy resistance 1, electricity resistance, wild magic 2,
unbreathing, petrification resistance, rot immunity, AC +5
a: Heroism, Renounce Religion


You were on level 8 of the Dungeon.
You worshipped Okawaru.
Okawaru was aware of your devotion.
You were not hungry.

You visited 2 branches of the dungeon, and saw 9 of its levels.

You collected 273 gold pieces.
You spent 48 gold pieces at shops.

Inventory:

Hand Weapons
 a - a +1 flail (weapon)
Armour
 c - a +0 shield (worn)
 i - a +0 chain mail (worn)
 k - a +0 cloak (worn)
 l - a +0 helmet (worn)
Wands
 p - a wand of acid (8/15)
Scrolls
 b - 3 scrolls of teleportation
 e - 3 scrolls of amnesia
 m - 2 scrolls of fog
 n - 2 scrolls of remove curse
Potions
 h - 2 potions of haste
 o - a potion of flight
 q - 3 potions of curing
Comestibles
 f - 11 bread rations
 g - 3 royal jellies
 j - 4 meat rations


   Skills:
 + Level 6.4 Fighting
 + Level 9.1 Maces & Flails
 + Level 6.9 Armour
 + Level 2.3 Dodging
 + Level 7.5 Shields


You had 8 spell levels left.
You didn't know any spells.

Dungeon Overview and Level Annotations

Branches:
Dungeon (8/15)             Temple (1/1) D:5
   Lair: D:8-11

Altars:
Ashenzari
Cheibriados
Dithmenos
Elyvilon
Fedhas
Gozag
Makhleb
Okawaru
Ru
Trog
Uskayaw
Vehumet
Xom
Yredelemnul
Zin
The Shining One

Shops:
D:7 }!(


Innate Abilities, Weirdness & Mutations

You are resistant to torment.
Your stone body is resilient. (AC +5)
You are immune to poison.
You resist negative energy. (rN+)
You are resistant to electric shocks. (rElec)
You can survive without breathing.
You are immune to petrification.
You are immune to rotting.
Your spells are harder to cast, but more powerful.


Message History

The two-headed ogre is lightly wounded.
The two-headed ogre hits you with a giant club!
The two-headed ogre closely misses you.
You sock the two-headed ogre!
The two-headed ogre is moderately wounded.
You block the two-headed ogre's attack.
The two-headed ogre hits you with a giant club!
You hit the two-headed ogre but do no damage.
The two-headed ogre is moderately wounded.
You thump the two-headed ogre!
The two-headed ogre is heavily wounded.
The two-headed ogre hits you with a giant club!!
The two-headed ogre hits you with a giant club!
* * * LOW HITPOINT WARNING * * *
You completely miss the two-headed ogre.
The two-headed ogre is heavily wounded.
The two-headed ogre hits you with a giant club.
* * * LOW HITPOINT WARNING * * *
The two-headed ogre hits you with a giant club!!
You die...

### ..#
###
####.##
....
.....#
#..#.#..#
#....#..#
#....<..#
##..###.#
#...O@.#
##.#####


You could see a two-headed ogre.

Vanquished Creatures
  Pikel (D:4)
  The ghost of apoch the Cleaver, an amateur HOFi of Cheibriados (D:4)
  Grinder (D:5)
  Sigmund (D:3)
  Eustachio (D:4)
  Menkaure (D:4)
  An orc warrior (D:7)
  An ice beast (D:5)
  3 ogres
  A necrophage (D:7)
  A centaur (D:7)
  Blork the orc (D:6)
  A scorpion (D:3)
  3 killer bees (D:7)
  2 crimson imps
  2 jellies
  4 orc wizards (D:5)
  A centaur zombie (D:5)
  3 hounds
  A bullfrog skeleton (D:6)
  Crazy Yiuf (D:5)
  Natasha (thrice) (D:3)
  Terence (D:3)
  2 iguanas
  6 worker ants
  2 killer bee zombies
  A hound skeleton (D:6)
  A worker ant zombie (D:7)
  Robin (D:3)
  A howler monkey skeleton (D:6)
  4 adders
  An ooze (D:1)
  An adder zombie (D:7)
  3 worms
  A dart slug (D:1)
  8 leopard geckos
  22 orcs
  6 bats
  6 giant cockroaches
  13 goblins
  19 hobgoblins
  6 jackals
  3 quokkas
  3 ball pythons
  3 frilled lizards
  A giant cockroach zombie (D:5)
  A jackal skeleton (D:5)
  4 kobolds
  A leopard gecko zombie (D:5)
  4 rats
160 creatures vanquished.

Vanquished Creatures (others)
  A slave (D:4)
  A hound (D:4)
  Ijyb (D:4)
3 creatures vanquished.

Grand Total: 163 creatures vanquished

Notes
Turn   | Place    | Note
-------+----------+-------------------------------------------
     0 | D:1      | JeffiDaFish the Gargoyle Fighter began the quest for the Orb.
     0 | D:1      | Reached XP level 1. HP: 14/14 MP: 1/1
    15 | D:1      | Reached XP level 2. HP: 18/19 MP: 2/2
   370 | D:1      | Reached XP level 3. HP: 23/23 MP: 3/3
   390 | D:1      | Gained mutation: You occasionally shout uncontrollably at your foes. [potion of mutation]
   390 | D:1      | Gained mutation: Your magical capacity is low. (-10% MP) [potion of mutation]
   390 | D:1      | Gained mutation: Potions are less effective at restoring your health. [potion of mutation]
   390 | D:1      | Gained mutation: Your flesh is heat resistant. (rF+) [potion of mutation]
   391 | D:1      | Lost mutation: Your magical capacity is low. (-10% MP) [potion of mutation]
   391 | D:1      | Lost mutation: Your flesh is heat resistant. (rF+) [potion of mutation]
   391 | D:1      | Lost mutation: You occasionally shout uncontrollably at your foes. [potion of mutation]
   391 | D:1      | Lost mutation: Potions are less effective at restoring your health. [potion of mutation]
   391 | D:1      | Gained mutation: You are frail. (-10% HP) [potion of mutation]
   391 | D:1      | Lost mutation: You are frail. (-10% HP) [potion of mutation]
   391 | D:1      | Gained mutation: Your spells are a little harder to cast, but a little more powerful. [potion of mutation]
   391 | D:1      | Gained mutation: Your spells are harder to cast, but more powerful. [potion of mutation]
  1163 | D:2      | Reached XP level 4. HP: 27/28 MP: 4/4
  1753 | D:3      | Reached skill level 3 in Maces & Flails
  1755 | D:3      | Noticed Natasha
  1762 | D:3      | Killed Natasha
  1764 | D:3      | Reached XP level 5. HP: 27/33 MP: 5/5
  1776 | D:3      | Noticed Natasha
  1779 | D:3      | Killed Natasha
  1865 | D:3      | Noticed Robin
  1891 | D:3      | Killed Robin
  1942 | D:3      | Reached skill level 4 in Maces & Flails
  1979 | D:3      | Noticed Terence
  1985 | D:3      | Killed Terence
  1985 | D:3      | Reached XP level 6. HP: 38/38 MP: 6/6
  2067 | D:3      | Found a shimmering altar of Xom.
  2299 | D:3      | Noticed Natasha
  2312 | D:3      | Killed Natasha
  2429 | D:3      | Noticed Sigmund
  2436 | D:3      | Killed Sigmund
  2436 | D:3      | Reached skill level 5 in Maces & Flails
  2436 | D:3      | Reached XP level 7. HP: 42/43 MP: 7/7
  2685 | D:4      | Noticed apoch's ghost (amateur HOFi)
  2711 | D:4      | Killed apoch's ghost
  2711 | D:4      | Reached skill level 6 in Maces & Flails
  2711 | D:4      | Reached skill level 1 in Dodging
  2968 | D:4      | Reached skill level 5 in Armour
  2968 | D:4      | Reached skill level 5 in Shields
  3052 | D:4      | Noticed Pikel
  3074 | D:4      | HP: 2/44 [Pikel/whip of flaming (1)]
  3087 | D:4      | Killed Pikel
  3087 | D:4      | Reached skill level 5 in Fighting
  3087 | D:4      | Reached skill level 7 in Maces & Flails
  3087 | D:4      | Reached XP level 8. HP: 36/49 MP: 8/8
  3260 | D:4      | Noticed Menkaure
  3272 | D:4      | Killed Menkaure
  3395 | D:4      | Killed Ijyb
  3444 | D:4      | Noticed Eustachio
  3467 | D:4      | Killed Eustachio
  3997 | D:5      | Entered Level 5 of the Dungeon
  4151 | D:5      | Reached XP level 9. HP: 51/54 MP: 9/9
  4467 | D:5      | Noticed Grinder
  4474 | D:5      | Killed Grinder
  4474 | D:5      | Reached skill level 8 in Maces & Flails
  4613 | D:5      | Found a staircase to the Ecumenical Temple.
  4628 | Temple   | Entered the Ecumenical Temple
  4636 | Temple   | Became a worshipper of Warmaster Okawaru
  4917 | D:5      | Found a runed door.
  4921 | D:5      | Noticed Crazy Yiuf
  4933 | D:5      | Killed Crazy Yiuf
  5200 | D:6      | Noticed Blork the orc
  5215 | D:6      | Killed Blork the orc
  5961 | D:7      | Found Beniereg's Distillery.
  5969 | D:7      | Bought a potion of curing for 48 gold pieces
  6206 | D:7      | Found Boimiar's Weapon Emporium.
  6395 | D:7      | Found Juanloareny's Gadget Boutique.
  6576 | D:7      | Reached * piety under Okawaru
  6809 | D:7      | Reached skill level 9 in Maces & Flails
  7211 | D:8      | Noticed a two-headed ogre
  7219 | D:8      | Mangled by a two-headed ogre

Skill      XL: |  1  2  3  4  5  6  7  8  9 |
---------------+----------------------------+-----
Shields        | 4 5 6 7 |  7.5
Maces & Flails | 3 4 5 7 9 |  9.1
Armour         | 4 5 6 |  6.9
Fighting       | 4 5 6 |  6.4
Dodging        | 1 2 |  2.3

Action                   |  1- 3 |  4- 6 |  7- 9 || total
-------------------------+-------+-------+-------++-------
Melee: Flail             |   103 |   178 |   464 ||   745
  Use: Scroll            |     4 |     4 |     5 ||    13
       Potion            |     3 |     1 |     7 ||    11
  Eat: Chunk             |     1 |     5 |    15 ||    21
Armor: Scale mail        |    55 |       |       ||    55
       Chain mail        |    10 |   106 |   251 ||   367
Dodge: Dodged            |    19 |    36 |   107 ||   162
Block: Shield            |    55 |    88 |   235 ||   378
